 Dungeon Crawl Stone Soup version 0.30-b1-2-g02819fbbbe (webtiles) character file.

Game seed: 10360091814952188558

64 Mesmaeker13 the Sneak (level 4, -1/24 HPs)
             Began as a Kobold Enchanter on June 4, 2023.
             Slain by a gnoll
             ... wielding a +0 spear
              (5 damage)
             ... on level 2 of the Dungeon.
             The game lasted 00:04:02 (2364 turns).

Mesmaeker13 the Sneak (Kobold Enchanter)            Turns: 2364, Time: 00:04:03

Health: -1/24      AC:  4    Str:  5    XL:     4   Next: 32%
Magic:  0/7        EV: 15    Int: 16    God:
Gold:   63         SH:  0    Dex: 17    Spells: 5/7 levels left

rFire   . . .        a - +1 dagger
rCold   . . .        (no shield)
rNeg    . . .        b - +0 robe
rPois   .            n - +1 helmet
rElec   .            (no cloak)
rCorr   .            (no gloves)
SInv    .            (no boots)
Will    .....        (no amulet)
Stlth   ++++         (no ring)
HPRegen 0.24/turn    (no ring)
MPRegen 0.10/turn

%: no passive effects
@: no status effects
A: small, no large weapons, nightstalker 3
a: no special abilities


You were on level 2 of the Dungeon.
You visited 1 branch of the dungeon, and saw 2 of its levels.

You collected 63 gold pieces.

Inventory:

Hand Weapons
 a - a +1 dagger (weapon)
 s - a +1 heavy spear
Missiles
 m - 2 poisoned darts (quivered)
Armour
 b - a +0 robe (worn)
 n - a +1 helmet (worn)
Wands
 r - a wand of mindburst (3)
Scrolls
 e - a scroll of fear {unknown}
 g - a scroll of vulnerability
 p - a scroll of fog {unknown}
 q - a scroll of identify {unknown}
Potions
 c - 2 potions of invisibility
 d - a potion of lignification {unknown}
 h - a potion of curing {unknown}
 j - a potion of ambrosia {unknown}
 k - a potion of heal wounds {unknown}
 l - a potion of might {unknown}
 o - a potion of attraction {unknown}


   Skills:
 + Level 2.8 Short Blades
 - Level 2.4 Dodging
 + Level 4.9 Stealth
 - Level 2.1 Spellcasting
 + Level 3.5 Hexes
 + Level 1.3 Ice Magic


You had 5 spell levels left.
You knew the following spells:

 Your Spells              Type           Power      Damage    Failure   Level
a - Ensorcelled Hibernat  Hex/Ice        18%        N/A       11%         2

Your spell library contained the following spells:

 Spells                   Type           Power      Damage    Failure   Level
 Confusing Touch          Hex            13%        N/A       14%         3
 Tukima's Dance           Hex            13%        N/A       14%         3
 Dazzling Flash           Conj/Hex       14%        N/A       30%         3
 Blade Hands              Tmut           0%         N/A       99%         5
 Irradiate                Conj/Tmut      0%         3d11      99%         5
 Dragon Form              Tmut           0%         N/A       100%        7


Dungeon Overview and Level Annotations

Branches:
Dungeon (2/15)

Altars:

Shops:
D:2 [

Annotations:
D:2 Robin


Innate Abilities, Weirdness & Mutations

You are small and have problems with some larger weapons.
You are completely attuned to the shadows.


Message History

The gnoll looks drowsy...
Unknown command.
The gnoll shouts!
The gnoll closely misses you. The gnoll barely misses you.
You hit the gnoll.
The gnoll is lightly wounded.
The gnoll hits you but does no damage.
Casting: Ensorcelled Hibernation (safe; 11% risk of failure)
Confirm with . or Enter, or press ? or * to list all spells.
Aiming: Ensorcelled Hibernation (safe; 11% risk of failure)
Press: ? - help, Shift-Dir - straight line, f - gnoll, p - gnoll
Aim: a gnoll, wielding a +0 flail (chance to affect: 51%)
The gnoll is unaffected.
The gnoll misses you. The gnoll barely misses you.
Unknown command.
Casting: Ensorcelled Hibernation (safe; 11% risk of failure)
Confirm with . or Enter, or press ? or * to list all spells.
Aiming: Ensorcelled Hibernation (safe; 11% risk of failure)
Press: ? - help, Shift-Dir - straight line, f/p - gnoll
Aim: a gnoll, wielding a +0 flail (chance to affect: 51%)
The gnoll is unaffected.
The gnoll misses you.
Unknown command.
Casting: Ensorcelled Hibernation (safe; 11% risk of failure)
Confirm with . or Enter, or press ? or * to list all spells.
You don't have enough magic to cast this spell.
Unknown command.
The gnoll hits you from afar with a +0 spear. x2
The gnoll barely misses you. The gnoll closely misses you.
The gnoll closely misses you.
Casting: Ensorcelled Hibernation (safe; 11% risk of failure)
Confirm with . or Enter, or press ? or * to list all spells.
Aiming: Ensorcelled Hibernation (safe; 11% risk of failure)
Press: ? - help, Shift-Dir - straight line, f/p - gnoll
Aim: a gnoll, wielding a +0 flail (chance to affect: 51%)
The gnoll is unaffected.
The gnoll hits you from afar with a +0 spear. x2
The gnoll hits you from afar with a +0 spear.
* * * LOW HITPOINT WARNING * * *
The gnoll hits you from afar with a +0 spear.
You die...

..##......######.....#.....######
..######### #..####.....# #.. ..#
#...........# ### ..#
#...........# # ..# #.###.#.....#
# ..# #.# #.#.....# # ..# #.#
#.##'#### #
..##############.###.##.#########
.g...........gg.@................
##########.#g....................
#.#########.##..##.##### #.#
######.##..##.##### #.#
#..........##.....# #.#
#.####.##.......... #.# #.#
#.##.###.####. #.# #.##.###.#####
#.####.............


You could see 3 gnolls.

Vanquished Creatures
  A gnoll (D:2)
  A worm (D:2)
  A dart slug (D:1)
  A bat (D:1)
  3 endoplasms
  3 giant cockroaches
  5 goblins
  10 hobgoblins
  2 jackals (D:2)
  3 kobolds (D:1)
  2 quokkas (D:1)
  6 ball pythons
  2 rats
40 creatures vanquished.

Notes
Turn   | Place    | Note
-------+----------+-------------------------------------------
     0 | D:1      | Mesmaeker13 the Kobold Enchanter began the quest for the
                  | Orb.
     0 | D:1      | Reached XP level 1. HP: 10/10 MP: 3/3
   117 | D:1      | Reached XP level 2. HP: 15/15 MP: 5/5
   120 | D:1      | Learned a level 2 spell: Ensorcelled Hibernation
   656 | D:1      | Reached XP level 3. HP: 15/19 MP: 6/6
  1227 | D:1      | Reached skill level 1 in Ice Magic
  1379 | D:2      | Noticed Robin
  1833 | D:2      | Found Disehagu's Antique Armour Boutique.
  1876 | D:2      | Reached XP level 4. HP: 24/24 MP: 0/7
  1980 | D:2      | HP: 1/24 [goblin/+0 club[Robin] (4)]
  2364 | D:2      | Slain by a gnoll

Illustrated notes

Levels and vault maps discovered:
D:1:      dpeg_arrival_morbid_curiosity, layout_loops_corners
D:2:      layout_basic, basic_altar, serial_shops, nicolae_shop_statue_plus,
          nicolae_shop_crystal, nicolae_titane, uniq_robin, uniq_jessica

Skill      XL: |  1  2  3 |
---------------+----------+-----
Short Blades   | 2 |  2.8
Ice Magic      | 1 |  1.3
Dodging        | |  2.4
Stealth        | |  4.9
Spellcasting   | |  2.1
Hexes          | |  3.5

Action                     |  1- 3 |  4- 6 || total
---------------------------+-------+-------++-------
  Melee: Dagger            |    85 |    19 ||   104
   Cast: Ensorcelled Hiber |     5 |     9 ||    14
    Use: Scroll            |       |     3 ||     3
   Stab: Sleeping          |    12 |     4 ||    16
         Distracted        |     1 |       ||     1
 Armour: Robe              |    12 |     7 ||    19
  Dodge: Dodged            |    79 |    36 ||   115
